 Dungeon Crawl Stone Soup version 0.30.1-11-g7821555f0a (console) character file.

Game seed: 8135923872414779387

130 JoeltCo the Trooper (level 4, -4/41 HPs)
             Began as a Minotaur Fighter on Jan 10, 2024.
             Slain by a black bear (6 damage)
             ... on level 4 of the Dungeon.
             The game lasted 00:02:25 (2851 turns).

JoeltCo the Trooper (Minotaur Fighter)              Turns: 2851, Time: 00:02:26

Health: -4/41      AC:  8    Str: 23    XL:     4   Next: 90%
Magic:  3/3        EV:  9    Int:  5    God:
Gold:   231        SH:  4    Dex:  9    Spells: 3/3 levels left

rFire   . . .        a - +1 trident (venom)
rCold   . . .        c - +0 buckler
rNeg    . . .        b - +1 scale mail
rPois   .            (helmet restricted)
rElec   .            (no cloak)
rCorr   .            (no gloves)
SInv    .            (no boots)
Will    .....        (no amulet) Stlth
                     (no ring)
HPRegen 0.26/turn    (no ring)
MPRegen 0.08/turn

%: no passive effects
@: no status effects
A: horns 2, retaliatory headbutt
a: no special abilities


You were on level 4 of the Dungeon.
You visited 1 branch of the dungeon, and saw 4 of its levels.

You collected 231 gold pieces.

Inventory:

Hand Weapons
 a - a +1 trident of venom (weapon)
Missiles
 j - 4 javelins (quivered)
Armour
 b - a +1 scale mail (worn)
 c - a +0 buckler (worn)
Jewellery
 k - a ring of protection from fire
 t - an amulet of guardian spirit
Wands
 n - a wand of paralysis (10)
Scrolls
 l - 2 scrolls of fear
 m - a scroll of immolation
 q - 2 scrolls of blinking
 s - a scroll of poison
 v - a scroll of identify
 w - a scroll of noise {unknown}
 x - a scroll of fog {unknown}
 y - a scroll of enchant weapon
Potions
 d - 2 potions of might
 e - a potion of ambrosia
 f - a potion of heal wounds
 g - a potion of mutation
 h - a potion of resistance {unknown}
 i - a potion of curing {unknown}
 o - 2 potions of haste {unknown}
 p - 2 potions of lignification {unknown}
 r - a potion of flight {unknown}
 u - a potion of attraction {unknown}


   Skills:
 + Level 4.6 Fighting
 + Level 3.7 Polearms
 + Level 4.6 Armour
 + Level 4.6 Shields


You had 3 spell levels left.
You didn't know any spells.
Your spell library contained the following spells:

 Spells                   Type           Power      Damage    Failure   Level
 Slow                     Hex            0%         N/A       83%         1
 Cigotuvi's Dreadful Rot  Necr/Pois/Air  0%         N/A       93%         2
 Confusing Touch          Hex            0%         N/A       99%         3
 Ignite Poison            Fire/Tmut/Pois 0%         N/A       99%         3
 Summon Guardian Golem    Hex/Summ       0%         N/A       99%         3
 Vampiric Draining        Necr           0%         2d6       99%         3
 Freezing Cloud           Conj/Ice/Air   0%         6-21      100%        5
 Orb of Destruction       Conj           0%         9d5       100%        7
 Spellforged Servitor     Conj/Summ      0%         N/A       100%        7


Dungeon Overview and Level Annotations

Branches:
Dungeon (4/15)
 Temple: D:4-7

Altars:

Shops:
D:4 ?


Innate Abilities, Weirdness & Mutations

You have a pair of horns on your head.
You reflexively headbutt those who attack you in melee.


Message History

You hit the black bear but do no damage.
The black bear is poisoned.
You headbutt the black bear!
The black bear is almost dead.
The black bear bites you but does no damage.
The black bear claws you but does no damage.
You block the black bear's attack.
A black bear is nearby!
You closely miss the black bear.
The black bear is almost dead.
The black bear bites you. The black bear claws you.
The black bear barely misses you.
You are too injured to fight recklessly!
A black bear is nearby!
You are too injured to fight recklessly!
A black bear is nearby!
You are too injured to fight recklessly!
A black bear is nearby!
You are too injured to fight recklessly!
A black bear is nearby!
You are too injured to fight recklessly!
A black bear is nearby!
A black bear is nearby!
You are too injured to fight recklessly!
You barely miss the black bear.
The black bear is almost dead.
You block the black bear's attack.
The black bear claws you but does no damage.
The black bear claws you.
The black bear goes berserk!
You barely miss the black bear.
The black bear is almost dead.
The black bear bites you. You block the black bear's attack.
The black bear barely misses you.
You barely miss the black bear.
The black bear is almost dead.
The black bear bites you!
* * * LOW HITPOINT WARNING * * *
The black bear claws you but does no damage.
You block the black bear's attack. The black bear barely misses you.
You block the black bear's attack. The black bear claws you.
You die...

######...####.###### #.#
#..#
#...>..........###.####..#
#....####.####........#..#
#.........# #####.##.#..#
##.#####......#...
#.##.#...
................### #
#.##.#.##
##..#####..#.#.##
#.##.##.#..# ####..#.#.#
#.#...#..... #.....#.#.##
#...#....∩..
..##.###.#..#.##
#...#.....
.........#.###@#
##.####..# #.#.#.###.##
##h..# ##(# #.## # ##.#
##.####..####.## ..#
.<............)# .#.#
##.####.######.# .### #.#
###.. .. #.# #...# ## ##.#
#.§.. #..# ##§... #.##
#...#. ##### #.# #.#...


You could see a black bear (berserk, poisoned).

Vanquished Creatures
  An orc wizard (D:3)
  4 adders
  A worm (D:4)
  3 dart slugs
  3 orcs
  8 endoplasms
  2 giant cockroaches
  3 goblins
  4 hobgoblins
  3 jackals (D:1)
  5 kobolds
  2 quokkas
  6 ball pythons
  3 bats (D:1)
  3 frilled lizards
  3 rats
54 creatures vanquished.

Notes
Turn   | Place    | Note
-------+----------+-------------------------------------------
     0 | D:1      | JoeltCo the Minotaur Fighter began the quest for the Orb.
     0 | D:1      | Reached XP level 1. HP: 19/19 MP: 0/0
    96 | D:1      | Reached XP level 2. HP: 22/27 MP: 1/1
   764 | D:2      | Reached XP level 3. HP: 33/33 MP: 2/2
   800 | D:2      | Found the +1 Delatra's gloves {ID++}
  1681 | D:3      | Reached XP level 4. HP: 8/41 MP: 3/3
  2275 | D:3      | Found a faded altar of an unknown god.
  2710 | D:4      | Found Natriats's Magic Scroll Shoppe.
  2842 | D:4      | Noticed a black bear
  2851 | D:4      | HP: 2/41 [black bear (11)]
  2851 | D:4      | Slain by a black bear

Illustrated notes

Levels and vault maps discovered:
D:1:      lightli_arrival_windingriver, layout_basic
D:2:      layout_basic
D:3:      layout_basic, shapermc_ecumenical_altar_flowoftime,
          minmay_quadrilaterals
D:4:      layout_loops_ring, serial_shops, shop_scrolls,
          nicolae_kite_square_tiling_tiny

Skill      XL: |  1  2 |
---------------+-------+-----
Fighting       | 4 |  4.6
Armour         | 4 |  4.6
Shields        | 4 |  4.6
Polearms       | 3 |  3.7

Action                     |  1- 3 |  4- 6 || total
---------------------------+-------+-------++-------
  Melee: Trident           |    75 |    53 ||   128
         Headbutt          |     5 |     6 ||    11
    Use: Scroll            |     8 |     4 ||    12
         Potion            |     1 |       ||     1
 Armour: Scale mail        |    37 |    16 ||    53
  Dodge: Dodged            |    24 |     9 ||    33
  Block: Buckler           |     9 |     9 ||    18
